 Dungeon Crawl Stone Soup version 0.18-a0-1782-gb76a692 (webtiles) character file.

1624 nubinia the Thaumaturge (level 8, 0/43 HPs)
             Began as a Deep Elf Conjurer on Apr 17, 2016.
             Was an Initiate of Sif Muna.
             Slain by an orc
             ... wielding a +0 trident
              (6 damage)
             ... on level 6 of the Dungeon.
             The game lasted 00:28:55 (7093 turns).

nubinia the Thaumaturge (Deep Elf Conjurer)         Turns: 7093, Time: 00:28:56

Health: 0/43       AC: 10    Str:  5    XL:     8   Next: 65%
Magic:  22/22      EV: 15    Int: 22    God:    Sif Muna [......]
Gold:   302        SH:  0    Dex: 18    Spells: 3 memorised, 15 levels left

rFire  . . .     SeeInvis .     B - +0 rapier
rCold  . . .     Gourm    .     D - +2 robe of Hospitality {Slay+3}
rNeg   . . .     Faith    .     (no shield)
rPois  .         Spirit   .     (no helmet)
rElec  .         Dismiss  .     (no cloak)
rCorr  .         Reflect  .     (no gloves)
SustAt .         Harm     .     t - +0 pair of boots
MR     .....                    (no amulet)
Stlth  +++.......               (no ring)
                                y - +4 ring of protection

@: not resistant to hostile enchantments, fairly stealthy
A: molten scales 1, agile 1, MP-powered wands
a: Renounce Religion


You were on level 6 of the Dungeon.
You worshipped Sif Muna.
Sif Muna was noncommittal.
You were not hungry.

You visited 2 branches of the dungeon, and saw 8 of its levels.

You collected 302 gold pieces.

Inventory:

Hand Weapons
 e - a +1 dagger
 B - a +0 rapier (weapon)
 C - the +3 flail of Watchfulness {drain, +Fly rN+}
   (You found it on level 5 of the Dungeon)

   A truly terrible weapon, it drains the life of those it strikes.
   It protects you from negative energy.
   It lets you fly.
 E - the +9 hunting sling of Putrescence {freeze, *Corrode rF+++ Int-5 Dex+6}
   (You found it on level 5 of the Dungeon)

   It causes projectiles fired from it to freeze those they strike, causing
   extra injury to most foes and up to half again as much damage against
   particularly susceptible opponents.
   They can also slow down cold-blooded creatures.
   It affects your intelligence (-5).
   It affects your dexterity (+6).
   It renders you almost immune to fire.
   It may corrode you when you take damage.
Missiles
 F - 220 stones (quivered)
Armour
 a - a +1 robe
 t - a +0 pair of boots (worn)
 D - the +2 robe of Hospitality (worn) {Slay+3}
   (You found it on level 5 of the Dungeon)

   It affects your accuracy and damage with ranged weapons and melee attacks
   (+3).
Jewellery
 y - a +4 ring of protection (left hand)
Wands
 p - a wand of random effects (33/48)
Scrolls
 d - a scroll of immolation {unknown}
 f - 3 scrolls of enchant weapon
 h - a scroll of remove curse
 i - a scroll of enchant armour
 k - 2 scrolls of fog
 l - a scroll of magic mapping
 v - a scroll of random uselessness
 x - a scroll of fear {unknown}
 z - a scroll of teleportation {unknown}
 H - a scroll of identify
Potions
 g - 2 potions of mutation
 m - 2 potions of heal wounds
 n - 2 potions of agility
 o - a potion of magic
 q - a potion of resistance
 s - 4 potions of curing
 w - a potion of beneficial mutation {unknown}
 G - a potion of degeneration {unknown}
 I - a potion of flight {unknown}
Books
 b - a book of Conjurations

   Spells                             Type                      Level
   a - Magic Dart                     Conjuration                  1
   b - Searing Ray                    Conjuration                  2
   c - Dazzling Spray                 Conjuration/Hexes            3
   d - Fulminant Prism                Conjuration/Hexes            4
   e - Iskenderun's Mystic Blast      Conjuration                  4
   f - Iskenderun's Battlesphere      Conjuration/Charms           5
Comestibles
 c - 4 bread rations
 j - 2 meat rations
 r - 6 chunks of flesh
 u - 2 fruits
 A - a slice of pizza


   Skills:
 + Level 1.0 Fighting
 + Level 0.6 Short Blades
 + Level 4.1 Dodging
 + Level 5.1 Stealth
 * Level 8.5 Spellcasting
 * Level 8.1 Conjurations
 + Level 2.1 Hexes
 * Level 5.7 Charms


You had 15 spell levels left.
You knew the following spells:

 Your Spells              Type           Power        Failure   Level  Hunger
a - Magic Dart            Conj           ####         1%          1    None
b - Dazzling Spray        Conj/Hex       ####....     2%          3    None
c - Iskenderun's Battles  Conj/Chrm      #####...     12%         5    #####..


Dungeon Overview and Level Annotations

Branches:
Dungeon (7/15)             Temple (1/1) D:7

Altars:
Cheibriados
Elyvilon
Nemelex Xobeh
Sif Muna
Trog
Vehumet
Xom
Zin

Shops:
D:4 (   D:5 *

Annotations:
D:3 exclusion: player ghost, Zhenya25pyc's ghost, amateur GrFi
D:6 Menkaure; grippy's ghost, novice DDNe


Innate Abilities, Weirdness & Mutations

You are partially covered in molten scales (AC +1).
You are agile. (Dex +2)
You expend magic power (3 MP) to strengthen your wands.


Message History

The orc wizard casts a spell at you. The magic dart hits you!
An orc comes into view. It is wielding a trident.
The orc shouts!
An orc comes into view. It is wielding a hand axe.
The orc shouts!
The orc wizard casts a spell.
The orc wizard blinks!
The giant frog hits you.
Menkaure shouts!
The hound closely misses you. The giant frog completely misses you.
The giant frog hits you but does no damage.
Menkaure calls on the powers of darkness!
The orc convulses! x2; Your body is wracked with pain!
The orc convulses!
The hound convulses!
The giant frog convulses!
The orc wizard convulses!
The jackal convulses! x2; The orc convulses!
The jackal convulses!
The orc warrior convulses!
The ogre convulses!
The orc convulses!
The hound closely misses you. The giant frog hits you!
* * * LOW HITPOINT WARNING * * *
The orc hits you from afar with a trident.
You die...

....*
**,........#*,**#,,,*
....*
**,........Z#*,,**,,,*
###,*
***,,..###o...#*,,,,,,,*
*,***,,,,##*
#O..o##,,**,,,*
*,,,,,,,**
#h..o.#,,**,,,*
*,,,,,,**
#.W...#..**,<,* **,,,***
#hhho....#*,,,* *****
#####Fho#......,,,* *
#....@oo..M....,,,****
####...........,,,*,,,
#........###**,,,,,
*#........# *,,,,*
*..?......# *,****
#.........# *,,,,,
#.........# ******
#.........# *,...M....#
######


You could see an orc warrior, an ogre, Menkaure, a giant frog, a hound, an orc
wizard, grippy's ghost, 5 orcs, a water moccasin zombie and 4 jackals.

Vanquished Creatures
  An orc warrior (D:6)
  3 sky beasts
  A black bear (D:7)
  A phantom (D:4)
  2 ogres (D:5)
  2 centaurs (D:5)
  A giant frog (D:7)
  A scorpion (D:7)
  A water moccasin skeleton (D:7)
  A wyvern skeleton (D:7)
  A howler monkey (D:4)
  An orc wizard (D:4)
  A jelly (D:5)
  3 giant frog skeletons
  A hound (D:5)
  A centaur skeleton (D:4)
  Jessica (D:2)
  An iguana (D:5)
  2 worker ant zombies
  A howler monkey skeleton (D:7)
  10 adders
  A shadow imp (D:6)
  An ooze (D:3)
  An adder skeleton (D:7)
  A worm (D:2)
  4 dart slugs
  7 giant geckos
  12 orcs
  A ball python (D:6)
  5 giant cockroaches
  10 goblins
  11 hobgoblins
  8 jackals
  2 quokkas
  8 bats
  A giant gecko skeleton (D:5)
  9 giant newts
  7 kobolds
  7 rats
133 creatures vanquished.

Vanquished Creatures (others)
  2 orc priests (D:5)
  A dart slug (D:5)
  3 orcs (D:5)
6 creatures vanquished.

Grand Total: 139 creatures vanquished

Notes
Turn   | Place    | Note
--------------------------------------------------------------
     0 | D:1      | nubinia the Deep Elf Conjurer began the quest for the Orb.
     0 | D:1      | Reached XP level 1. HP: 10/10 MP: 6/6
   232 | D:1      | Reached XP level 2. HP: 15/15 MP: 6/8
   300 | D:1      | Found a sparkling altar of Nemelex Xobeh.
   576 | D:1      | Reached skill level 5 in Conjurations
   827 | D:1      | Reached XP level 3. HP: 19/19 MP: 9/9
   832 | D:1      | Learned a level 3 spell: Dazzling Spray
  1439 | D:3      | Reached skill level 1 in Hexes
  1603 | D:2      | Reached XP level 4. HP: 24/24 MP: 4/11
  1843 | D:2      | Noticed Jessica
  1852 | D:2      | Killed Jessica
  2243 | D:2      | Found a shimmering altar of Xom.
  2333 | D:2      | Reached XP level 5. HP: 28/28 MP: 9/12
  2361 | D:2      | Learned a level 5 spell: Iskenderun's Battlesphere
  2843 | D:3      | Reached skill level 1 in Charms
  2888 | D:3      | Noticed Zhenya25pyc's ghost (amateur GrFi)
  3742 | D:4      | Reached XP level 6. HP: 30/33 MP: 8/15
  3817 | D:4      | Found Bicaif's Weapon Shop.
  3824 | D:4      | Reached skill level 5 in Spellcasting
  3914 | D:4      | Gained mutation: Armour fits poorly on your strangely shaped body. [potion of mutation]
  3914 | D:4      | Gained mutation: You have sharp toenails. [potion of mutation]
  3914 | D:4      | Gained mutation: You expend magic power (3 MP) to strengthen your wands. [potion of mutation]
  3915 | D:4      | Lost mutation: Armour fits poorly on your strangely shaped body. [potion of mutation]
  3915 | D:4      | Gained mutation: You are dopey. (Int -2) [potion of mutation]
  3915 | D:4      | Gained mutation: You are agile. (Dex +2) [potion of mutation]
  3916 | D:4      | Gained mutation: You are partially covered in molten scales (AC +1). [potion of mutation]
  3916 | D:4      | Gained mutation: You are weak. (Str -2) [potion of mutation]
  3916 | D:4      | Gained mutation: You passively map a small area around you. [potion of mutation]
  4149 | D:5      | Entered Level 5 of the Dungeon
  4363 | D:5      | Reached XP level 7. HP: 34/37 MP: 5/17
  4455 | D:5      | Got an encrusted flail
  4456 | D:5      | Identified the +3 flail of Watchfulness {drain, +Fly rN+} (You found it on level 5 of the Dungeon)
  4467 | D:5      | Got a ripped robe
  4478 | D:5      | Identified the +2 robe of Hospitality {Slay+3} (You found it on level 5 of the Dungeon)
  4488 | D:5      | Got an ichor-stained hunting sling
  4489 | D:5      | Identified the +9 hunting sling of Putrescence {freeze, *Corrode rF+++ Int-5 Dex+6} (You found it on level 5 of the Dungeon)
  5329 | D:5      | Found Zin's Purification Station.
  5360 | D:5      | Reached skill level 5 in Charms
  5785 | D:5      | Reached skill level 1 in Fighting
  5833 | D:5      | Found a glowing silver altar of Zin.
  5838 | D:5      | Lost mutation: You are weak. (Str -2) [potion of cure mutation]
  5838 | D:5      | Lost mutation: You are dopey. (Int -2) [potion of cure mutation]
  5838 | D:5      | Lost mutation: You passively map a small area around you. [potion of cure mutation]
  5838 | D:5      | Lost mutation: You have sharp toenails. [potion of cure mutation]
  5849 | D:5      | Reached skill level 5 in Stealth
  6302 | D:6      | Reached XP level 8. HP: 43/43 MP: 15/20
  6422 | D:6      | Noticed Menkaure
  6644 | D:7      | Found a staircase to the Ecumenical Temple.
  6669 | Temple   | Entered the Ecumenical Temple
  6679 | Temple   | Became a worshipper of Sif Muna the Loreminder
  7053 | D:6      | Noticed grippy's ghost (novice DDNe)
  7093 | D:6      | Slain by an orc

Vault maps used:
D:1:      minmay_arrival_three_doors, nemelex_altar_shiori
D:2:      marbit_many_paths, grunt_ministairs_12, hangedman_decor_peaks_small,
          dk_noncrumbling_3, uniq_jessica
D:4:      serial_shops, shop, roderic_three_in_a_row
D:5:      zin_purify, first_bread, lemuel_flamethrower_2
D:6:      yredelemnul_forgotten_temple_becter, serial_curves, eino_curves_04,
          eino_curves_02, eino_curves_04, eino_curves_04, uniq_menkaure
D:7:      minmay_temple_entry_glass
Temple:   eino_temple_water_12

Skill      XL: |  1  2  3  4  5  6  7  8 |
---------------+-------------------------+-----
Conjurations   | 5 6 7 8 |  8.1
Hexes          | 1 2 |  2.1
Spellcasting   | 4 5 6 8 |  8.5
Charms         | 2 3 5 |  5.7
Stealth        | 3 4 5 |  5.1
Dodging        | 3 4 |  4.1
Fighting       | 1 |  1.0
Short Blades   | |  0.6

Action                   |  1- 3 |  4- 6 |  7- 9 || total
-------------------------+-------+-------+-------++-------
Melee: Dagger            |     9 |    47 |       ||    56
       Rapier            |       |       |    29 ||    29
 Cast: Magic Dart        |    73 |   125 |   116 ||   314
       Dazzling Spray    |       |    10 |    21 ||    31
       Iskenderun's Batt |       |       |     1 ||     1
  Use: Scroll            |     6 |     3 |     6 ||    15
       Potion            |     1 |     4 |     1 ||     6
 Stab: Sleeping          |     2 |     4 |     1 ||     7
       Invisible         |       |     2 |       ||     2
  Eat: Chunk             |     2 |     8 |     8 ||    18
       Beef jerky        |       |       |     1 ||     1
Armor: Robe              |     3 |    21 |    23 ||    47
Dodge: Dodged            |     9 |    46 |    57 ||   112
